Celery, neutral female human Tourist ------ ------- -------- #########################|....|#####......| |......| #---------------- #|....|# ###|.....| |.......#######|..<............## #|....|# 0##-.(...| |......| ##.......(......)| # #|....|### -----|- --.----- # |..............| ### #|.)..|# # # ####|..............|# # #--+-.-# # # # #---------------- ######%)e@Z# # # ### # ### : # # # # # ##0########### # # # # --.-.-|- -------- ### # ### # |_.....| |......| # # # # #-....^..#########|......| ## #### # ###|......| #.......| ----|---## --.-- # -------- |.....>| |.......# #|....####### -------- |......| #....| -------- ----- Celery the Sightseer Experience level: 5 Strength: 15 Dexterity: 12 Constitution: 12 Intelligence: 13 Wisdom: 8 Charisma: 18 Health: 0(38) Energy: 22(22) AC: 2 Gold: 271 Moves: 1959 Your Inventory: Coins $ - 271 gold pieces Weapons a - 16 uncursed +2 darts (in quiver) w - an uncursed [+0] crude dagger [orcish] (weapon in hand) Armor m - an uncursed +0 Hawaiian shirt (being worn) q - an uncursed +0 pair of jumping boots (being worn) s - an uncursed +1 iron skull cap [orcish helm] (being worn) x - an uncursed +0 chain mail (being worn) Comestibles b - an uncursed tin of lichen c - an uncursed pancake d - an uncursed carrot e - 7 uncursed food rations g - 2 uncursed tins of jackal meat h - 2 uncursed tins of newt meat i - an uncursed fortune cookie t - an uncursed lichen corpse Scrolls l - 4 uncursed scrolls of magic mapping B - an uncursed scroll labeled NR 9 [of enchant weapon] C - an uncursed scroll labeled MAPIRO MAHAMA DIROMAT [of identify] Potions D - an uncursed clear potion [of water] H - a cursed bubbly potion [of booze] Wands v - an uncursed wand called teleportation [of teleportation (0:4)] Tools n - an uncursed expensive camera (0:32) p - an uncursed towel A - an uncursed key [skeleton key] G - an uncursed [oil] lamp Gems u - an uncursed black gem [worthless glass] z - an uncursed green gem [worthless glass] E - an uncursed green gem [fluorite] F - an uncursed red gem [worthless glass] Spells known in the end: Name Level Category Fail Memory Your skills at the end: Fighting Skills Weapon Skills dart [Basic / Expert] Spellcasting Skills Final Attributes: You were devoutly aligned. Hunger level was 570. Your alignment was 19 / 19. Monster difficulty range was 0 - 3. Level difficulty was 2. You were telepathic. You could jump. Your luck was zero. You are dead. Vanquished creatures: a shrieker a baby crocodile a floating eye a kobold lord a wererat a coyote a yellow mold a green mold a gnome zombie a gecko 9 jackals 4 foxes a kobold 5 goblins 3 sewer rats 2 lichens a kobold zombie 3 newts 38 creatures vanquished. Voluntary challenges: You used a wielded weapon 35 times. You read items or engraved 1 time. You put on armor 9 times. You never genocided any monsters. You never polymorphed an object. You never changed form. You used no wishes. You never wrote Elbereth's name. You never encountered a bones level. You never used any Sokoban shortcuts. Dungeon overview: The Dungeons of Doom: levels 1 to 3 Level 1 a long staircase Level 2 <- You were here an altar Level 3 an altar History has recorded: On T:1 you entered the Dungeons of Doom to retrieve the Amulet of Yendor! On T:439 you advanced to experience level 2. On T:822 you advanced to experience level 3. On T:1064 you reached level 2 of The Dungeons of Doom. On T:1279 you advanced to experience level 4. On T:1650 you reached level 3 of The Dungeons of Doom. On T:1834 you advanced to experience level 5. Latest messages: [HP-3=29] The kobold zombie hits! [HP-3=26] The kobold zombie hits! [HP-4=22] [HP+1=23] The kobold zombie hits! [HP-3=20] The kobold zombie misses. The kobold zombie hits! [HP-2=18] The kobold zombie hits! The iguana bites! [HP-1=17] The kobold zombie hits! [HP-4=13] The iguana bites! [HP-4=9] The kobold zombie hits! [HP-3=6] The iguana bites! [HP-2=4] The kobold zombie misses. The iguana bites! You die... Final status: Aloha Celery the Tourist... You died in The Dungeons of Doom on dungeon level 2 with 926 points, and 271 pieces of gold, after 1959 moves. You were level 5 with a maximum of 38 hit points when you died.